 Dungeon Crawl Stone Soup version 0.20.1-1-g8b1a95d (webtiles) character file.

137 Gremour the Skirmisher (level 5, 0/57 HPs)
             Began as an Ogre Monk on Nov 25, 2017.
             Killed by divine providence
             ... invoked by an orc priest
              (12 damage)
             ... on level 3 of the Dungeon.
             The game lasted 00:10:20 (2617 turns).

Gremour the Skirmisher (Ogre Monk)                  Turns: 2617, Time: 00:10:21

Health: 0/57       AC:  3    Str: 15    XL:     5   Next: 20%
Magic:  5/5        EV: 10    Int: 11    God:
Gold:   130        SH:  0    Dex: 12    Spells: 4/4 levels left

rFire    . . .     SeeInvis .   a - +0 mace
rCold    + + .     Gourm    .   (no shield)
rNeg     . . .     Faith    .   b - +0 robe
rPois    .         Spirit   .   (helmet restricted)
rElec    .         Reflect  .   (no cloak)
rCorr    .         Harm     .   (gloves unavailable)
MR       +....     Rnd*Tele +   (boots unavailable)
Stlth    ++........             (no amulet)
Regen    0.2/turn               q - ring of protection from cold
MPRegen  0.1/turn               (no ring)

@: no status effects
A: unfitting armour, cold resistance 1, magic resistance 1, teleportitis 1,
tough skin 1
a: no special abilities


You were on level 3 of the Dungeon.
You were not hungry.

You visited 1 branch of the dungeon, and saw 3 of its levels.

You collected 130 gold pieces.

Inventory:

Hand Weapons
 a - a +0 mace (weapon)
Armour
 b - a +0 robe (worn)
Jewellery
 h - an uncursed amulet of faith
 m - an uncursed ring of flight
 q - a ring of protection from cold (left hand)
Scrolls
 f - a scroll of blinking {unknown}
 g - 3 scrolls of remove curse {unknown}
 i - 3 scrolls of identify {unknown}
 j - 2 scrolls of teleportation {unknown}
Potions
 d - a potion of lignification
 e - 2 potions of invisibility {unknown}
 l - 2 potions of flight
Comestibles
 c - 3 bread rations
 k - a chunk of flesh


   Skills:
 + Level 5.0 Fighting
 * Level 4.7 Maces & Flails
 - Level 2.6 Dodging
 - Level 1.4 Stealth


You had 4 spell levels left.
You didn't know any spells.

Dungeon Overview and Level Annotations

Branches:
Dungeon (3/15)

Altars:


Innate Abilities, Weirdness & Mutations

You are too large for most types of armour.
You have tough skin. (AC +1)
Your flesh is cold resistant. (rC+)
You are resistant to hostile enchantments. (MR+)
You are occasionally teleported next to monsters.


Message History

Your Fighting skill increases to level 5!
You have reached level 5!
The quokka barely misses you. The quokka bites you.
You closely miss the quokka.
You hear a shout!
The quokka barely misses you. The orc hits you.
You hit the quokka but do no damage. The quokka bites you.
* * * LOW HITPOINT WARNING * * *
The orc misses you. The quokka bites you.
* * * LOW HITPOINT WARNING * * *
You sock the quokka!
You kill the quokka!
The orc hits you but does no damage.
The orc priest looks satisfied for a moment.
The orc hits you but does no damage.
Unknown command.
You hit the orc but do no damage.
The orc priest calls down the wrath of Beogh upon you.
Beogh smites you!
You die... # #.( # #.. # .oo

# #.#.#############
#....)..........#
###.#.#####.###.# # #.#
#.# #.# #.#o# #.# #.#
##.#@# #<# #.# #.#o.†.#
##.###.####># #########
#......####.........>.#
........#
#............###.######
#######.#
#.......###.## #)# #.#
#.#...... #.# #####.#
#.###..>### #.# #...#)#
#.<.......######.#
#.....#
.####...[.......#


You could see an orc priest and an orc.

Vanquished Creatures
  An orc wizard (D:3)
  An adder (D:3)
  An ooze (D:1)
  2 worms (D:2)
  2 dart slugs
  3 leopard geckos
  6 orcs (D:3)
  2 ball pythons
  3 giant cockroaches
  14 goblins
  7 hobgoblins
  6 jackals (D:1)
  9 kobolds
  2 quokkas
  5 bats
  5 frilled lizards
  6 rats
75 creatures vanquished.

Notes
Turn   | Place    | Note
-------+----------+-------------------------------------------
     0 | D:1      | Gremour the Ogre Monk began the quest for the Orb.
     0 | D:1      | Reached XP level 1. HP: 24/24 MP: 1/1
    61 | D:1      | Reached XP level 2. HP: 31/33 MP: 2/2
   351 | D:1      | Reached XP level 3. HP: 38/40 MP: 3/3
  1206 | D:2      | Reached XP level 4. HP: 27/49 MP: 4/4
  2030 | D:3      | Gained mutation: You are resistant to hostile enchantments. (MR+) [potion of mutation]
  2030 | D:3      | Gained mutation: You are occasionally teleported next to monsters. [potion of mutation]
  2030 | D:3      | Gained mutation: Your flesh is cold resistant. (rC+) [potion of mutation]
  2054 | D:3      | HP: 2/49 [poisoned by an adder]
  2613 | D:3      | Reached skill level 5 in Fighting
  2613 | D:3      | Reached XP level 5. HP: 22/57 MP: 5/5
  2617 | D:3      | Killed from afar by an orc priest

Skill      XL: |  1  2  3  4 |
---------------+-------------+-----
Maces & Flails | 3 4 |  4.7
Fighting       | 5 |  5.0
Dodging        | |  2.6
Stealth        | |  1.4

Action                   |  1- 3 |  4- 6 || total
-------------------------+-------+-------++-------
Melee: Mace              |   126 |   114 ||   240
  Use: Potion            |       |     6 ||     6
 Stab: Sleeping          |     1 |     2 ||     3
  Eat: Chunk             |     1 |     5 ||     6
Armor: Robe              |    50 |    31 ||    81
       Skin              |       |    12 ||    12
Dodge: Dodged            |    85 |    59 ||   144
